 Dungeon Crawl Stone Soup version 0.29.1-4-g47bece8355 (webtiles) character file.

Game seed: 10430421501881811933

2559 hawla the Zephyrmancer (level 10, -18/74 HPs)
             Began as a Meteoran Air Elementalist on Dec 1, 2022.
             Demolished by an orc warrior
             ... wielding a +0 glaive
              (26 damage)
             ... in a bailey.
             The game lasted 00:14:28 (2831 turns).

hawla the Zephyrmancer (Meteoran Air Elementalist)  Turns: 2831, Time: 00:14:29

Health: -18/74     AC:  5    Str: 10    XL:     10   Next: 11%
Magic:  15/20      EV: 14    Int: 22    God:
Gold:   309        SH:  0    Dex: 14    Spells: 12/22 levels left

rFire   + . .      SeeInvis .   e - +5 mace "Etikleov" {freeze, rC++}
rCold   + . .      Faith    .   (no shield)
rNeg    . . .      Spirit   .   a - +1 robe
rPois   .          Reflect  .   (no helmet)
rElec   .          Harm     .   d - +1 cloak
rCorr   .          Rampage  .   (no gloves)
Will    +....                   (no boots)
Stlth   +.........              (no amulet)
HPRegen 0.22/turn               f - ring of fire
MPRegen 0.17/turn               (no ring)

@: glowing
A: sense surroundings 2, otherworldly, glowing, explore regen
a: no special abilities


You were in a bailey.
You visited 1 branch of the dungeon, and saw 8 of its levels.
You also visited: Sewer and Bailey.

You collected 309 gold pieces.

Inventory:

Hand Weapons
 e - the +5 mace "Etikleov" (weapon) {freeze, rC++}
   (You found it on level 3 of the Dungeon)

   It freezes those it strikes, dealing additional cold damage.
   It can also slow down cold-blooded creatures.
   rC:        It greatly protects you from cold.
 i - a +1 whip of distortion
Armour
 a - a +1 robe (worn)
 d - a +1 cloak (worn)
Jewellery
 f - a ring of fire (left hand)
Wands
 t - a wand of polymorph (3)
Scrolls
 o - a scroll of fear {unknown}
 p - a scroll of brand weapon {unknown}
 q - 3 scrolls of identify {unknown}
 s - 2 scrolls of poison {unknown}
 v - a scroll of noise {unknown}
Potions
 b - 3 potions of heal wounds {unknown}
 c - 2 potions of resistance {unknown}
 g - 2 potions of might {unknown}
 h - a potion of lignification {unknown}
 k - a potion of mutation {unknown}
 l - a potion of degeneration {unknown}
 r - a potion of curing {unknown}


   Skills:
 + Level 2.7 Fighting
 + Level 4.7 Maces & Flails
 + Level 4.8 Dodging
 - Level 1.4 Stealth
 + Level 6.6 Spellcasting
 + Level 4.2 Conjurations
 + Level 8.1 Fire Magic
 + Level 8.4 Air Magic


You had 12 spell levels left.
You knew the following spells:

 Your Spells              Type           Power      Damage    Failure   Level
b - Static Discharge      Conj/Air       35%        3-8/arc   1%          2
c - Airstrike             Air            22%        2d(4-20)  2%          4
d - Flame Wave            Conj/Fire      51%        2d13      7%          4

Your spell library contained the following spells:

 Spells                   Type           Power      Damage    Failure   Level
 Foxfire                  Conj/Fire      100%       2x1d9     1%          1
 Shock                    Conj/Air       100%       1d9       1%          1
 Conjure Flame            Conj/Fire      51%        6-21      1%          3
 Swiftness                Air            44%        N/A       1%          3
 Inner Flame              Hex/Fire       37%        N/A       4%          3
 Gell's Gravitas          Tloc           7%         N/A       26%         3
 Lesser Beckoning         Tloc           7%         N/A       26%         3
 Teleport Other           Tloc           7%         N/A       26%         3


Dungeon Overview and Level Annotations

Branches:
Dungeon (8/15) Zot: 2463    Sewer (visited)          Bailey (1/1) Zot: 452
 Temple: D:4-7         Lair: D:8-11

Altars:
Cheibriados
Dithmenos
Yredelemnul


Innate Abilities, Weirdness & Mutations

You passively map the area around you.
You are easily found by Zot.
You glow in the dark.
You regain HP and MP as you explore.


Message History

There is an open door here.
The orc warrior hits you from afar with a +0 spear!
Casting: Flame Wave (dangerous; 7% risk of failure)
Confirm with . or Enter, or press ? or * to list all spells.
Casting: Flame Wave (dangerous; 7% risk of failure)
Press: ? - help, Dir - look around, f - activate You feel a surge of power!
A wave of flame ripples out!
The flame wave engulfs the orc!
You kill the orc! (Press . to intensify the flame waves.)
The orc warrior misses you.
A wave of flame ripples out!
The flame wave engulfs the orc!
You kill the orc!
The flame wave engulfs the orc!
You kill the orc!
You feel a bit more experienced.
The flame wave engulfs the orc warrior!
The orc warrior is heavily wounded.
The flame wave engulfs the orc.
The orc is heavily wounded.
The flame wave engulfs the orc!
You kill the orc!
The orc warrior closely misses you.
The orc grunts loudly.
The orc hits you from afar with a +0 spear.
A wave of flame ripples out!
You feel a bit more experienced. x2
The flame wave engulfs the orc warrior!
The orc warrior is almost dead.
The flame wave engulfs the orc!
You kill the orc!
You finish channelling waves of flame.
The orc warrior hits you from afar with a +0 spear!
The orc warrior barely misses you. The orc warrior misses you.
Things that are here:
a +0 hand axe; an orc corpse You hit the orc warrior.
You freeze the orc warrior.
You kill the orc warrior!
The orc warrior hits you from afar with a +0 glaive!! x2
* * * LOW HITPOINT WARNING * * *
The orc warrior hits you with a +0 glaive!!
You die...

####### ######## ,
*##.....## ##.......
,,
#...o@).######.....#..
,
+...##).#....#...)###)
,
+....8..'....'..)..8..
, ,
+...##).#....#....###.
, ,
#....)..######.....#..
, * *##.....##
##...)).. #######
########


You could see an orc warrior.

Vanquished Creatures
  2 steam dragons
  An orc warrior (Bailey)
  2 black bears
  An ice beast (D:6)
  2 sky beasts (D:7)
  An ogre (D:4)
  A centaur (D:7)
  A phantom (D:4)
  8 kobold brigands
  A necrophage (D:6)
  A gnoll sergeant (D:7)
  7 wights
  A hound (D:4)
  A gnoll bouda (D:7)
  An orc priest (D:6)
  3 iguanas
  An orc wizard (D:6)
  4 adders
  8 gnolls (D:7)
  3 river rats (Sewer)
  A shadow imp (D:7)
  A white imp (D:7)
  An ufetubus (D:5)
  3 worms
  A dart slug (D:3)
  21 orcs
  3 ball pythons
  3 bats (D:3)
  8 endoplasms
  2 giant cockroaches (D:4)
  9 goblins
  4 hobgoblins
  17 kobolds
  A frilled lizard (D:3)
  5 rats
130 creatures vanquished.

Vanquished Creatures (others)
  11 plants (D:3)
11 creatures vanquished.

Grand Total: 141 creatures vanquished

Notes
Turn   | Place    | Note
-------+----------+-------------------------------------------
     0 | D:1      | hawla the Meteoran Air Elementalist began the quest for the
                  | Orb.
     0 | D:1      | Reached XP level 1. HP: 14/14 MP: 5/5
    34 | D:1      | Reached XP level 2. HP: 7/20 MP: 2/6
    37 | D:1      | Learned a level 2 spell: Static Discharge
   142 | D:2      | Found a shadowy altar of Dithmenos.
   315 | D:3      | Identified the +5 mace "Etikleov" {freeze, rC++}
   323 | D:3      | Reached XP level 3. HP: 24/26 MP: 5/8
   736 | D:4      | Reached XP level 4. HP: 11/33 MP: 7/10
   851 | D:4      | Reached skill level 1 in Maces & Flails
   856 | D:4      | Learned a level 4 spell: Airstrike
   886 | D:4      | Reached skill level 5 in Air Magic
   886 | D:4      | Reached XP level 5. HP: 30/38 MP: 7/11
   897 | D:4      | Noticed an ogre
   905 | D:4      | Killed an ogre
   906 | D:4      | Reached XP level 6. HP: 37/45 MP: 1/12
   935 | D:4      | Learned a level 4 spell: Flame Wave
   938 | D:4      | Found a snail-covered altar of Cheibriados.
  1071 | D:4      | Found a glowing drain.
  1086 | Sewer    | Entered a sewer
  1115 | Sewer    | Reached XP level 7. HP: 25/50 MP: 8/13
  1248 | Sewer    | Reached skill level 5 in Fire Magic
  1306 | Sewer    | Reached XP level 8. HP: 57/57 MP: 0/14
  1460 | Sewer    | Glimpsed the power of Zot.
  1652 | D:5      | Entered Level 5 of the Dungeon
  1992 | D:7      | Reached skill level 1 in Fighting
  2000 | D:7      | Gained mutation: You passively map the area around you.
                  | [Meteoran growth]
  2000 | D:7      | Reached XP level 9. HP: 46/64 MP: 6/16
  2014 | D:7      | Found a basalt altar of Yredelemnul.
  2300 | D:7      | Reached skill level 5 in Spellcasting
  2649 | D:8      | Found a flagged portal.
  2664 | D:8      | Reached XP level 10. HP: 74/74 MP: 9/20
  2685 | Bailey   | Entered a bailey
  2831 | Bailey   | Demolished by an orc warrior

Illustrated notes

Levels and vault maps discovered:
D:1:      psy_arrival_terrarium, layout_basic, minmay_misc_feat_square
D:2:      layout_basic, basic_altar, shapermc_ecumenical_altar_rom_forum,
          minivault_24, minmay_misc_feat_columns
D:3:      layout_rooms, amcnicky_mini_rare_corridor_liquid,
          nicolae_eternal_life, kennysheep_boxes
D:4:      layout_basic, mainiacjoe_overflow_cross_hatched, portal_sewer_entry_a
D:5:      layout_basic, minmay_temple_entry_statues, uniq_menkaure, uniq_edmund
D:6:      layout_rooms
D:7:      layout_basic, nicolae_overflow_crystal_walls
D:8:      layout_loops_ring, enter_bailey_5, minivault_27
Bailey:   bailey_polearm_5, bailey

Skill      XL: |  1  2  3  4  5  6  7  8  9 |
---------------+----------------------------+-----
Air Magic      | 4 5 6 8 |  8.4
Spellcasting   | 3 4 6 |  6.6
Maces & Flails | 1 2 4 |  4.7
Dodging        | 3 4 |  4.8
Conjurations   | 3 4 |  4.2
Fire Magic     | 2 5 7 8 |  8.1
Fighting       | 1 2 |  2.7
Stealth        | |  1.4

Action                   |  1- 3 |  4- 6 |  7- 9 | 10-12 || total
-------------------------+-------+-------+-------+-------++-------
Melee: Unarmed           |     2 |       |       |       ||     2
       Mace              |    19 |    31 |    88 |     6 ||   144
       Punch             |       |       |     1 |       ||     1
 Cast: Shock             |    21 |     5 |     1 |       ||    27
       Static Discharge  |     6 |    14 |    17 |       ||    37
       Flame Wave        |       |       |    18 |     2 ||    20
       Airstrike         |       |       |    20 |     6 ||    26
  Use: Potion            |     1 |       |       |       ||     1
       Scroll            |     2 |       |     6 |     1 ||     9
 Stab: Sleeping          |     1 |       |       |       ||     1
Armor: Robe              |     4 |    12 |    28 |       ||    44
Dodge: Dodged            |    14 |    26 |    98 |    10 ||   148
